Map: Ascension to Aiur LE

Players

FarmCakes

  • Race: Zerg Zerg
  • League: Master
  • Spawn Location: 11:00

McMonMEMEroe - Winner!

  • Race: Zerg Zerg
  • League: Master
  • Spawn Location: 5:00

VOD

https://go.twitch.tv/videos/186074637

Description

Time

  • Played on: Oct. 29, 2017, 1:04 p.m.
  • Length: 10:56
Show
View Real Time Build Order
Export as new Build Order

FarmCakes Zerg 

Build Orders: Hatch First 

Get SALT Encoding   

  12  0:00  Drone  
  13  0:08  Drone  
  14  0:17  Overlord  
  14  0:22  Extractor  
  14  0:23  Drone  
  15  0:36  Drone x2  
  17  0:52  Hatchery  
  17  0:55  Drone  
  17  0:59  Drone  
  18  1:09  Extractor  
  17  1:14  Spawning Pool  
  17  1:17  Drone  
  17  1:20  Drone  
  18  1:27  Drone  
  19  1:37  Overlord  
  19  2:00  Queen  
  22  2:01  Zergling x4  
  22  2:04  Zergling x2, Queen  
  26  2:09  Metabolic Boost  
  26  2:10  Drone  
  27  2:16  Drone  
  27  2:20  Drone  
  29  2:26  Drone  
  30  2:30  Drone, Baneling Nest  
  30  2:36  Drone  
  31  2:53  Hatchery  
  30  2:58  Drone x3  
  30  3:03  Overlord  
  33  3:06  Drone  
  33  3:11  Drone x2  
  36  3:13  Baneling  
  36  3:14  Baneling  
  36  3:23  Drone x4  
  36  3:26  Zergling x2  
  41  3:27  Zergling x2  
  41  3:32  Overlord  
  42  3:35  Zergling x2  
  43  3:45  Zergling x2, Evolution Chamber  
  43  3:48  Overlord  
  43  3:52  Drone x2  
  43  3:53  Extractor, Drone  
  45  3:56  Zergling x2  
  45  4:01  Baneling x2  
  45  4:05  Drone x2  
  45  4:07  Evolution Chamber  
  45  4:09  Roach Warren  
  45  4:10  Drone  
  45  4:12  Queen  
  48  4:17  Drone x2  
  48  4:19  Drone  
  48  4:21  Drone  
  52  4:26  Zerg Missile Weapons Level 1  
  52  4:28  Drone x2  
  54  4:32  Drone x2  
  56  4:39  Lair  
  55  4:48  Drone x5  
  60  4:53  Extractor  
  60  4:54  Drone x3  
  60  4:58  Drone x3  
  65  5:01  Baneling x2  
  65  5:06  Overlord x3  
  65  5:15  Zerg Ground Armor Level 1  
  65  5:19  Extractor  
  65  5:20  Extractor, Drone x3  
  66  5:21  Overlord  
  66  5:22  Overlord  
  64  5:28  Roach  
  64  5:29  Roach x3  
  64  5:33  Drone x4  
  76  5:37  Drone x2  
  76  5:40  Roach x2  
  82  5:43  Roach  
  82  5:46  Extractor  
  82  5:48  Drone x2  
  85  5:55  Drone x3  
  88  6:01  Drone x2  
  90  6:06  Roach x2  
  94  6:11  Hatchery  
  94  6:12  Overlord, Roach  
  94  6:13  Roach  
  97  6:19  Roach x2, Baneling x2  
  97  6:20  Roach  
  97  6:23  Zerg Missile Weapons Level 2  
  103  6:32  Glial Reconstitution, Burrow  
  103  6:34  Roach x3  
  108  6:40  Roach x3  
  108  6:45  Overlord x3  
  113  6:53  Overlord x3  
  113  7:04  Ravager x2  
  113  7:05  Roach x3, Ravager x2  
  113  7:06  Roach x3  
  129  7:13  Roach x2  
  129  7:14  Roach x3  
  139  7:19  Overlord x2  
  139  7:20  Roach  
  141  7:23  Roach, Ravager x3  
  141  7:29  Roach x2  
  152  7:30  Roach  
  152  7:36  Overlord x3  
  152  7:39  Drone  
  152  7:40  Drone x3  
  152  7:43  Roach  
  152  7:44  Roach  
  160  7:46  Extractor  
  160  7:50  Tunneling Claws  
  159  7:51  Extractor, Ravager  
  159  7:52  Ravager x3  
  159  7:54  Roach  
  159  7:55  Roach  
  159  7:57  Roach  
  168  8:01  Roach x3  
  173  8:07  Roach x3  
  173  8:11  Overlord x2  
  179  8:22  Overlord x2  
  179  8:24  Roach  
  179  8:25  Roach  
  183  8:31  Roach x3  
  183  8:35  Roach x8  
  198  8:41  Overseer  
  198  8:42  Overseer  
  198  8:45  Roach x2  
  170  9:08  Roach x14  
  169  9:16  Roach  
  138  9:19  Roach  
  138  9:20  Roach x2  
  130  9:26  Drone x17  
  130  9:27  Drone x3, Overseer  
  124  9:41  Overseer  
  124  9:49  Drone x4  
  127  9:55  Roach x2  
  127  9:59  Roach  
  131  10:02  Drone  
  131  10:06  Drone x2  
  134  10:07  Drone x2  
  134  10:12  Roach x4  
  134  10:13  Roach x2  
  137  10:19  Roach x2  
  141  10:27  Ravager x4  
  145  10:28  Roach x2  
Show
View Real Time Build Order
Export as new Build Order

McMonMEMEroe Zerg - Winner!

Build Orders: Hatch First 

Get SALT Encoding   

  12  0:00  Drone  
  13  0:12  Overlord  
  13  0:17  Drone  
  14  0:30  Drone x2  
  14  0:34  Drone  
  17  0:51  Hatchery  
  17  0:54  Drone  
  17  0:57  Drone  
  18  1:07  Extractor  
  17  1:12  Spawning Pool  
  17  1:15  Drone  
  17  1:18  Drone  
  18  1:27  Drone  
  19  1:38  Overlord  
  19  1:59  Queen  
  19  2:00  Zergling x4  
  23  2:02  Queen  
  23  2:03  Zergling x2  
  23  2:08  Metabolic Boost  
  26  2:15  Drone x2  
  28  2:21  Drone  
  29  2:26  Drone  
  30  2:30  Baneling Nest  
  30  2:33  Drone  
  30  2:42  Overlord  
  30  2:43  Drone  
  31  2:55  Hatchery  
  31  2:57  Drone  
  31  3:02  Drone x2  
  33  3:07  Drone  
  33  3:08  Drone  
  33  3:10  Drone  
  36  3:14  Drone  
  36  3:18  Baneling x2  
  36  3:19  Zergling x2  
  38  3:22  Zergling x4  
  38  3:26  Overlord  
  40  3:31  Drone  
  41  3:39  Drone  
  42  3:43  Drone x2  
  43  3:48  Drone x5  
  43  3:49  Evolution Chamber  
  49  3:55  Drone x2  
  49  3:57  Extractor  
  48  4:03  Drone x2  
  48  4:07  Queen  
  48  4:09  Overlord  
  52  4:11  Drone x4  
  52  4:16  Zerg Missile Weapons Level 1  
  56  4:18  Drone  
  57  4:27  Zergling x6  
  57  4:29  Drone  
  57  4:30  Roach Warren  
  60  4:32  Lair  
  60  4:37  Drone x2  
  62  4:39  Drone x2  
  62  4:42  Drone x2  
  66  4:52  Overlord x3  
  66  4:56  Extractor x2  
  63  5:04  Drone x3  
  63  5:06  Extractor  
  65  5:08  Drone  
  65  5:12  Drone x4  
  70  5:15  Drone  
  70  5:24  Hatchery  
  70  5:26  Drone x9  
  77  5:31  Glial Reconstitution  
  77  5:34  Drone  
  77  5:35  Overlord  
  78  5:37  Roach x2, Extractor  
  81  5:47  Overlord x2  
  81  5:52  Roach x2  
  81  5:55  Roach x5  
  95  5:57  Overseer  
  95  5:59  Overseer  
  95  6:08  Roach x6  
  95  6:10  Overlord  
  107  6:15  Overlord  
  107  6:22  Roach  
  107  6:23  Roach  
  111  6:26  Overlord x2  
  111  6:30  Ravager  
  111  6:31  Ravager x3  
  114  6:33  Roach x4  
  114  6:36  Burrow  
  114  6:37  Zerg Missile Weapons Level 2  
  122  6:44  Overlord x3  
  122  6:45  Roach x3  
  128  6:54  Roach  
  128  6:55  Roach x5  
  128  6:59  Tunneling Claws  
  140  7:03  Roach x3  
  146  7:08  Overlord  
  146  7:09  Overlord  
  146  7:11  Roach x2  
  150  7:18  Roach x4  
  158  7:33  Roach x9  
  158  7:34  Overlord  
  175  7:37  Overlord  
  175  7:43  Overlord  
  177  7:44  Roach x3  
  173  8:08  Ravager x4  
  173  8:09  Ravager  
  173  8:11  Roach x10  
  198  8:17  Roach x3  
  198  8:20  Roach x4  
  198  8:24  Roach x3  
  198  8:29  Roach x2  
  198  8:30  Roach  
  198  8:31  Roach x2  
  198  8:32  Drone  
  198  8:33  Drone  
  196  8:54  Roach x2  
  198  8:58  Roach x3  
  198  9:00  Roach x3  
  157  9:10  Roach x11  
  157  9:11  Roach x14  
  168  9:21  Roach  
  140  9:25  Roach x5  
  140  9:31  Roach  
  148  9:32  Roach, Queen  
  148  9:43  Roach x6  
  158  9:46  Ravager  
  158  9:47  Ravager x2  
  158  9:48  Roach  
  157  9:55  Roach x10  
  175  10:02  Roach  
  175  10:04  Roach x4  
  181  10:18  Roach x6  
  181  10:20  Ravager x5  
  198  10:26  Roach x2  
Tags
 
Add a new tag
Caveats
  • Supply blocks, unpowered buildings, or Contaminate may cause inaccurate times.
  • Supply counts are checked every 10 seconds.